Description

1.从第三波红点开始,每波红点有±1.5min的误差。 2.若岩浆爆发前30s,陆军红点会等待岩浆褪去。 3.红点依次从左下,右上,右下三个顺位阵地刷新,若阵地资源总和小于85%,则推至下一阵地。 详细信息:https://bbs.nga.cn/read.php?tid=17265336&forder_by=postdatedesc&rand=273

Build Order

Get SALT Encoding   

  1  3:30  Action 陆军  
  2  6:00  Action 空军  
  3  9:00  Action 陆/空  
  4  12:00  Action 陆/空 x 2  
  5  15:00  Action 陆/空  
  6  18:00  Action 陆军  
  7  21:00  Action 陆军  
  8  24:00  Action 陆军  
  9  27:00  Action 陆军  
Spawning Tool Build Advisor. Get it on Overwolf

Go to:

Details

  • Created by: DCpro
  • Published on: Aug 07, 2021
  • Modified on: Aug 07, 2021
  • Patch: 4.11.0
  • Difficulty: Medium
Show
View Real Time Build Order
Export as new Build Order

Comments (0)

There are no comments. Be the first!

Create an account to comment!